 Dungeon Crawl Stone Soup version 0.17-a0-1763-g847a857 (webtiles) character file.

72 Ngotmuk the Shield-Bearer (level 4, -2/42 HPs)
             Began as a Deep Dwarf Fighter on Sept 4, 2015.
             Slain by an orc
             ... wielding a +0 trident
              (3 damage)
             ... on level 3 of the Dungeon.
             The game lasted 00:03:04 (1435 turns).

Ngotmuk the Shield-Bearer (Deep Dwarf Fighter)      Turns: 1435, Time: 00:03:05

Health: -2/42      AC:  7    Str: 21    XL:     4   Next: 6%
Magic:  4/4        EV:  7    Int:  8    God:
Gold:   117        SH:  9    Dex: 12    Spells: 0 memorised, 3 levels left

rFire  . . .     SeeInvis .     a - +0 war axe
rCold  . . .     Clarity  .     b - +0 scale mail
rNeg   . . .     SustAt   .     c - +0 shield
rPois  .         Gourm    .     (no helmet)
rElec  .         Spirit   .     (no cloak)
rCorr  .         Warding  .     (no gloves)
rMut   .         Stasis   .     (no boots)
MR     .....                    (no amulet)
Stlth  ..........               (no ring)
                                (no ring)

@: starving, non-regenerating, not resistant to hostile enchantments, extremely
unstealthy
A: damage resistance, recharge devices, sense surroundings 1, slow healing 3
a: Device Recharging


You were on level 3 of the Dungeon.
You were starving.

You visited 1 branch of the dungeon, and saw 3 of its levels.

You collected 117 gold pieces.

Inventory:

Hand weapons
 a - a +0 war axe (weapon)
Armour
 b - a +0 scale mail (worn)
 c - a +0 shield (worn)
Magical devices
 e - a wand of heal wounds (5)
Scrolls
 g - a scroll of random uselessness {unknown}
 i - a scroll of teleportation {unknown}
 o - a scroll of remove curse {unknown}
 p - a scroll of enchant weapon {unknown}
Potions
 d - 2 potions of might
 h - 2 potions of lignification {unknown}
 j - a potion of agility {unknown}
 l - a potion of curing {unknown}
 n - a potion of heal wounds {unknown}
Comestibles
 f - a bread ration
 k - 2 meat rations
 m - 4 fruits


   Skills:
 * Level 3.1 Fighting
 * Level 3.7 Axes
 + Level 3.7 Armour
 + Level 3.7 Shields


You had 3 spell levels left.
You didn't know any spells.

Dungeon Overview and Level Annotations

Branches:
Dungeon (3/15)

Altars:
Fedhas
Kikubaaqudgha
Nemelex Xobeh
Okawaru
Vehumet


Innate Abilities, Weirdness & Mutations

You are resistant to damage.
You can recharge devices by infusing magical energy.
You passively map a small area around you.
You do not heal naturally.


Message History

You block the orc priest's attack.
You slash the orc priest!
The orc priest is heavily wounded.
You block the orc's attack. The orc priest closely misses you.
A goblin comes into view.
The goblin shouts!
You hit the orc priest.
The orc priest is heavily wounded.
The orc priest hits you. You block the orc's attack. The orc priest hits you.
A worm comes into view.
You completely miss the orc priest.
The orc priest is heavily wounded.
You hit the worm.
The worm is moderately wounded.
The orc barely misses you. The worm barely misses you.
The orc priest mumbles some strange prayers to Beogh against you.
Pain shoots through your body!
* * * LOW HITPOINT WARNING * * *
The orc hits you from afar with a trident.
You die...

* + # , ##
##.### * #.#
,#.#.#.# , *
,
#.#,#.#.#.#
, * *
#.#.#.#.#,*,
* * #<#.#.#,
#.#.#.# , *
#.#.#@#, *,
#.#.#w#o# ,
* * ##.#.#
#o#, * ,
#.#.# ,#g# *
#.#.# * #.#
#(.# , #.#,
#.# #.# #. *
,#. , * *


You could see a worm, an orc priest, an orc and a goblin.

Vanquished Creatures
  3 adders (D:2)
  A worm (D:2)
  2 giant geckos (D:2)
  A ball python (D:2)
  3 giant cockroaches
  9 goblins
  5 hobgoblins
  4 jackals (D:2)
  5 bats
  4 giant newts
  6 rats
43 creatures vanquished.

Notes
Turn   | Place    | Note
--------------------------------------------------------------
     0 | D:1      | Ngotmuk the Deep Dwarf Fighter began the quest for the Orb.
     0 | D:1      | Reached XP level 1. HP: 20/20 MP: 1/1
   366 | D:1      | Reached XP level 2. HP: 22/27 MP: 2/2
   863 | D:2      | Reached XP level 3. HP: 19/33 MP: 3/3
   894 | D:2      | Found a blossoming altar of Fedhas.
   894 | D:2      | Found a sparkling altar of Nemelex Xobeh.
   913 | D:2      | Found an iron altar of Okawaru.
   916 | D:2      | Found an ancient bone altar of Kikubaaqudgha.
  1044 | D:2      | Reached XP level 4. HP: 17/42 MP: 4/4
  1248 | D:2      | Found a radiant altar of Vehumet.
  1435 | D:3      | HP: 1/42 [orc priest/nerve-wracking pain (12)]
  1435 | D:3      | Slain by an orc

Vault maps used:
D:1:      dpeg_arrival_fog, minivault_14
D:2:      lemuel_doored_altar, minitemple, serial_glass, glass_columns_b,
          glass_columns_b, glass_columns_c, glass_columns_b, glass_columns_b,
          glass_columns_c
D:3:      first_bread, portal_sewer_entry_a

Action                   |  1- 3 |  4- 6 || total
-------------------------+-------+-------++-------
Melee: War axe           |   145 |    26 ||   171
